 Dungeon Crawl Stone Soup version 0.31.0-32-g396128a36d (webtiles) character file.

Game seed: 787292983131591293

8 DemonSlayer the Digger (level 2, 19/19 HPs)
             Began as a Demonspawn Earth Elementalist on Mar 10, 2024.
             Got out of the dungeon alive.
             The game lasted 00:01:00 (168 turns).

DemonSlayer the Digger (DsEE)                        Turns: 168, Time: 00:01:01

Health: 19/19      AC:  2    Str:  8    XL:     2   Next: 0%
Magic:  3/5        EV: 12    Int: 15    God:
Gold:   11         SH:  0    Dex: 13    Spells: 4/5 levels left

rFire   . . .        (no weapon)
rCold   . . .        (no shield)
rNeg    . . .        a - +0 robe
rPois   .            (no helmet)
rElec   .            (no cloak)
rCorr   .            (no gloves)
SInv    .            (no boots)
Will    .....        (no amulet)
Stlth   ++           (no ring)
HPRegen 0.23/turn    (no ring)
MPRegen 0.09/turn

%: no passive effects
@: no status effects
A: hooves 1
a: no special abilities


You escaped.
You visited 1 branch of the dungeon, and saw 1 of its levels.

You collected 11 gold pieces.

Inventory:

Armour
 a - a +0 robe (worn)
Potions
 c - a potion of curing {unknown}


   Skills:
 + Level 1.8 Dodging
 + Level 1.7 Stealth
 + Level 2.1 Spellcasting
 + Level 1.0 Conjurations
 + Level 3.1 Earth Magic


You had 4 spell levels left.
You knew the following spells:

 Your Spells              Type           Power      Damage    Failure   Level
a - Sandblast             Erth           20%        2d7       6%          1

Your spell library contained the following spells:

 Spells                   Type           Power      Damage    Failure   Level
 Passwall                 Erth           10%        N/A       19%         3
 Stone Arrow              Conj/Erth      14%        3d7       28%         3
 Brom's Barrelling Bould  Conj/Erth      7%         2d3       67%         4
 Petrify                  Alch/Erth      6%         N/A       75%         4


Dungeon Overview and Level Annotations

Branches:
Dungeon (1/15)

Altars:


Innate Abilities, Weirdness & Mutations

You have large cloven feet.


Message History

The ball python is heavily wounded.
The ball python bites you. The ball python grabs you.
The ball python constricts you.
The blast of sand hits the ball python.
You kill the ball python!
Your Earth Magic skill increases to level 3!
Things that are here:
a +0 short sword; 2 stones; a kobold corpse You now have 11 gold pieces.
A rat comes into view.
A frilled lizard comes into view.
You can't see any susceptible monsters within range! (Use Z to cast anyway.)
The blast of sand hits the rat.
You kill the rat!
The frilled lizard hisses angrily.
A bat comes into view.
A rat comes into view.
There are monsters nearby!
The blast of sand misses the frilled lizard.
The rat squeaks loudly.
The blast of sand hits the bat.
You kill the bat!
The frilled lizard barely misses you.
You are out of magic!
You are out of magic!
You are out of magic!
You hit the frilled lizard.
The frilled lizard is heavily wounded.
The frilled lizard bites you but does no damage.
You hit the frilled lizard.
You kill the frilled lizard!
You have reached level 2!
Your demonic ancestry asserts itself...
Your feet thicken and deform.
You see here a +0 spear.
Found a stone staircase leading down.
A rat is nearby!
There is an open gate here.
A rat is nearby!
There is a staircase leading out of the dungeon here.
You have escaped!

#### ### ###..# ..
###....# ..
###......# ..
###........#
.######......##r.#
.#.'.......####..#
...'.....### #.@#
.#.'.......####..#
.######......##..#
.# ###........#
.## ###......#
..##. ###....#
..... ###..# ..##.
#### .## ..


You could see a rat.

Vanquished Creatures
  A kobold (D:1)
  3 ball pythons (D:1)
  2 bats (D:1)
  2 frilled lizards (D:1)
  A rat (D:1)
9 creatures vanquished.

Notes
Turn   | Place    | Note
-------+----------+-------------------------------------------
     0 | D:1      | DemonSlayer the Demonspawn Earth Elementalist began the
                  | quest for the Orb.
     0 | D:1      | Reached XP level 1. HP: 13/13 MP: 3/3
    84 | D:1      | Reached skill level 3 in Earth Magic
   134 | D:1      | Gained mutation: You have large cloven feet. [demonic
                  | ancestry]
   134 | D:1      | Reached XP level 2. HP: 19/19 MP: 0/5
   168 | D:$      | Got out of the dungeon alive.

Illustrated notes

Levels and vault maps discovered:
D:1:      lemuel_arrival_funnel, layout_loops_cross, serial_shops, shop,
          chequers_ecumenical_altar_grove

Skill      XL: |  1 |
---------------+----+-----
Earth Magic    | 3 |  3.1
Dodging        | |  1.8
Stealth        | |  1.7
Spellcasting   | |  2.1
Conjurations   | |  1.0

Action                     || total
---------------------------++-------
  Melee: Unarmed           ||     2
   Cast: Sandblast         ||    10
    Use: Potion            ||     1
 Armour: Robe              ||     3
  Dodge: Dodged            ||     5
